cohdb
Replays
Latest Replays
All Replays
Popular Replays
Top Player Replays
Match Explorer
How It Works
Community
CoH3 Stats
Reddit
Sign in to upload your games and track your stats! →
Sign in with Steam
Match 19938092
Unlisted
Match 19938092
Overview
Messages
Build Orders
End
Royal Engineer Section
Construct Section Command Post
Vickers Machine Gun Team
Infantry Section
ML 3-inch Mortar Team
Infantry Section
Grenade Package
Selects Heavy Armor Battlegroup
Infantry Section
Construct Platoon Command Post
Selects Rigorous Vehicle Training
Unlock M3 Stuart Light Tanks
6-pounder Anti-tank Gun Team
M3 Stuart Light Tank
Vickers Machine Gun Team
M3 Stuart Light Tank
Infantry Section
CMP 15cwt Truck
Selects Crusader AA Medium Tank
Selects Churchill IV Heavy Tank
Churchill IV Heavy Tank
CMP 15cwt Truck
Infantry Section
Tok3n x Operator
MonoChrome
Aegon
Capt. Speirs
0
0
Comments
sign in to comment!
No comments posted yet!